 Dungeon Crawl Stone Soup version 0.19-a0-1170-g18f0c96 (webtiles) character file.

1526 mistymad the Poker (level 8, -1/93 HPs)
             Began as a Merfolk Skald on Aug 16, 2016.
             Was a Follower of Fedhas.
             Slain by a wyvern skeleton (7 damage)
             ... on level 6 of the Dungeon.
             The game lasted 00:22:29 (7574 turns).

mistymad the Poker (Merfolk Skald)                  Turns: 7574, Time: 00:22:30

Health: -1/93      AC: 24    Str: 14    XL:     8   Next: 85%
Magic:  12/14      EV:  2    Int: 12    God:    Fedhas [*.....]
Gold:   288        SH:  0    Dex: 13    Spells: 5 memorised, 4 levels left

rFire  . . .     SeeInvis .     C - +0 halberd
rCold  . . .     Gourm    .     (armour currently unavailable)
rNeg   + + +     Faith    .     (shield currently unavailable)
rPois  +         Spirit   .     (helmet currently unavailable)
rElec  .         Dismiss  .     (cloak currently unavailable)
rCorr  .         Reflect  .     (gloves currently unavailable)
MR     .....     Harm     .     (boots currently unavailable)
Stlth  +......... NoTele   +    (no amulet)
                                o - +3 ring of evasion
                                i - ring of poison resistance

@: tree-form, very slightly contaminated, hasted, very quick
A: (change form in water), (swift swim)
a: Evolution, Renounce Religion


You were on level 6 of the Dungeon.
You worshipped Fedhas.
Fedhas was aware of your devotion.
You were very hungry.
You were a tree.
You visited 2 branches of the dungeon, and saw 7 of its levels.
You also visited: Sewer.

You collected 288 gold pieces.

Inventory:

Hand Weapons
 a - a +1 spear
 C - a +0 halberd (weapon)
Armour
 b - a +0 leather armour (melded)
 r - a +0 pair of boots (melded)
 y - a +0 shield
Jewellery
 i - a ring of poison resistance (left branch)
 o - a +3 ring of evasion (right branch)
Wands
 u - a wand of lightning (7/15)
 w - a wand of polymorph (9/24)
 B - a wand of flame (15/48)
Scrolls
 e - 7 scrolls of remove curse
 l - 2 scrolls of teleportation
 n - 2 scrolls of recharging
Potions
 g - 2 potions of brilliance {unknown}
 j - 2 potions of might {unknown}
 k - a potion of invisibility {unknown}
 m - 3 potions of lignification
 v - a potion of degeneration {unknown}
 z - a potion of haste
 D - a potion of resistance {unknown}
Books
 c - a book of Battle

   Spells                             Type                      Level
   a - Infusion                       Charms                       1
   b - Shroud of Golubria             Charms/Translocation         2
   c - Song of Slaying                Charms                       2
   d - Spectral Weapon                Hexes/Charms                 3
   e - Regeneration                   Charms/Necromancy            3
 s - a book of Conjurations

   Spells                             Type                      Level
   a - Magic Dart                     Conjuration                  1
   b - Searing Ray                    Conjuration                  2
   c - Dazzling Spray                 Conjuration/Hexes            3
   d - Fulminant Prism                Conjuration/Hexes            4
   e - Iskenderun's Mystic Blast      Conjuration                  4
   f - Iskenderun's Battlesphere      Conjuration/Charms           5
Comestibles
 d - 2 bread rations
 f - 4 meat rations
 h - 4 beef jerkies
 p - a royal jelly
 q - 2 slices of pizza


   Skills:
 + Level 5.2 Fighting
 + Level 6.8 Polearms
 - Level 0.6 Armour
 + Level 6.3 Dodging
 + Level 4.4 Spellcasting
 + Level 2.8 Hexes
 + Level 6.2 Charms


You had 4 spell levels left.
You knew the following spells:

 Your Spells              Type           Power        Failure   Level  Hunger
a - Infusion              Chrm           ###.         1%          1    None
b - Song of Slaying       Chrm           ###.....     2%          2    ##.....
c - Shroud of Golubria    Chrm/Tloc      ##........   12%         2    ##.....
d - Regeneration          Chrm/Necr      ##........   21%         3    ###....
e - Spectral Weapon       Hex/Chrm       ##......     12%         3    ###....


Dungeon Overview and Level Annotations

Branches:
Dungeon (6/15)             Temple (1/1) D:4

Altars:
Ashenzari
Cheibriados
Dithmenos
Elyvilon
Fedhas
Gozag
Hepliaklqana
Kikubaaqudgha
Makhleb
Nemelex Xobeh
Okawaru
Pakellas
Qazlal
Ru
Sif Muna
Trog
Uskayaw
Vehumet
Xom
Zin
The Shining One

Annotations:
D:3 Grinder


Message History

The jackal bites you but does no damage.
You take 1 damage, and have 9/93 hp.
You slash the wyvern skeleton!
The wyvern skeleton is severely damaged.
The jackal bites you but does no damage. x2
The wyvern skeleton bites you but does no damage.
The jackal bites you but does no damage.
You completely miss the wyvern skeleton.
The wyvern skeleton is severely damaged.
The jackal bites you but does no damage. x2
The orc hits you but does no damage. The wyvern skeleton bites you.
* * * LOW HITPOINT WARNING * * *
The jackal bites you but does no damage.
You take 4 damage, and have 5/93 hp.
You hit the wyvern skeleton.
The wyvern skeleton is almost destroyed.
The jackal bites you but does no damage. x2
The wyvern skeleton bites you!
You die...
Fedhas appreciates your contribution to the ecosystem.

##.......###.#
#.....#......#
#....###..####
#.....#.(.#
#.......##
##>....##
##...## #.hh#
#.o♣# #.hZ#
.......
#........
#.........
#.###...####
.# .....
%#>...


You could see an orc, 3 jackals and a wyvern skeleton.

Vanquished Creatures
  4 ogres
  3 big kobolds (Sewer)
  Blork the orc (D:4)
  2 scorpions (D:4)
  A water moccasin skeleton (D:5)
  A crimson imp (D:5)
  3 hounds
  2 orc priests
  An orc wizard (D:6)
  Jessica (D:2)
  2 giant frog skeletons
  Natasha (thrice) (D:4)
  3 worker ants
  Ijyb (D:3)
  An iguana (D:4)
  Terence (D:2)
  7 adders
  A river rat (Sewer)
  3 oozes (Sewer)
  An adder skeleton (D:3)
  2 dart slugs
  4 worms (Sewer)
  6 giant geckos
  21 orcs
  12 bats
  5 giant cockroaches
  8 goblins
  5 hobgoblins
  8 jackals
  11 kobolds
  A quokka (D:3)
  7 ball pythons
  A ball python skeleton (D:4)
  4 giant newts
  A quokka skeleton (D:5)
  15 rats
153 creatures vanquished.

Vanquished Creatures (others)
  A spectral weapon (D:6)
  34 toadstools
35 creatures vanquished.

Grand Total: 188 creatures vanquished

Notes
Turn   | Place    | Note
-------+----------+-------------------------------------------
     0 | D:1      | mistymad the Merfolk Skald began the quest for the Orb.
     0 | D:1      | Reached XP level 1. HP: 16/16 MP: 3/3
   154 | D:1      | Reached XP level 2. HP: 12/23 MP: 5/5
   916 | D:1      | Reached XP level 3. HP: 25/28 MP: 6/6
  1382 | D:2      | Learned a level 2 spell: Song of Slaying
  1385 | D:2      | Learned a level 2 spell: Shroud of Golubria
  1703 | D:2      | Reached XP level 4. HP: 32/34 MP: 7/7
  1748 | D:2      | Noticed Jessica
  1752 | D:2      | Noticed Terence
  1753 | D:2      | Killed Jessica
  1783 | D:2      | Killed Terence
  2151 | D:2      | Reached XP level 5. HP: 25/40 MP: 9/9
  2415 | D:2      | Found a deep blue altar of Sif Muna.
  2802 | D:3      | Noticed Ijyb
  2884 | D:3      | Killed Ijyb
  2966 | D:3      | Learned a level 3 spell: Regeneration
  3191 | D:3      | Noticed Grinder
  4183 | D:4      | Noticed an ogre
  4186 | D:4      | Noticed Blork the orc
  4262 | D:4      | Found a glowing drain.
  4268 | Sewer    | Entered a sewer
  4326 | Sewer    | Noticed a big kobold
  4353 | Sewer    | Killed a big kobold
  4353 | Sewer    | Reached XP level 6. HP: 30/47 MP: 0/10
  4714 | Sewer    | Learned a level 3 spell: Spectral Weapon
  4976 | Sewer    | Reached XP level 7. HP: 46/54 MP: 12/12
  5145 | Sewer    | Reached skill level 5 in Polearms
  5263 | Sewer    | Reached skill level 1 in Hexes
  5620 | D:4      | Found a staircase to the Ecumenical Temple.
  5655 | Temple   | Entered the Ecumenical Temple
  5802 | Temple   | Became a worshipper of Fedhas Madash
  5969 | D:4      | Reached skill level 5 in Charms
  6384 | D:4      | Reached skill level 5 in Dodging
  6461 | D:4      | Noticed Natasha
  6468 | D:4      | Killed Natasha
  6468 | D:4      | Reached XP level 8. HP: 53/61 MP: 7/13
  6521 | D:4      | Killed Blork the orc
  6582 | D:4      | Noticed Natasha
  6587 | D:4      | Killed Natasha
  6845 | D:4      | Noticed Natasha
  6849 | D:4      | Killed Natasha
  6876 | D:5      | Entered Level 5 of the Dungeon
  7129 | D:5      | Reached * piety under Fedhas
  7245 | D:5      | Reached skill level 5 in Fighting
  7574 | D:6      | Slain by a wyvern skeleton

Vault maps used:
D:1:      dpeg_arrival_lava_temple_mockup
D:2:      lemuel_blue_sif_altar, uniq_jessica, uniq_terence
D:3:      serial_co_window_serial, co_window_paths_b, co_window_corner_a,
          co_window_paths_a, co_window_of_opportunity_a, co_window_corner_a,
          co_window_paths_a, co_window_paths_a, co_window_cross_4,
          co_window_2corner, co_window_paths_c, co_window_unsneaky_path_e,
          co_window_broadway_c, glass_columns_b, glass_columns_a, uniq_grinder,
          uniq_iyjb
D:4:      lightli_sewer_entry_pipes, first_bread, minmay_misc_feat_iff,
          uniq_natasha, uniq_blork_the_orc
D:5:      kennysheep_generic_room_13
Temple:   regret_index_temple_chain_breaker
Sewer:    sewer_co_tree

Skill      XL: |  1  2  3  4  5  6  7  8 |
---------------+-------------------------+-----
Dodging        | 2 3 4 5 6 |  6.3
Charms         | 4 5 6 |  6.2
Fighting       | 3 4 5 |  5.2
Polearms       | 4 6 |  6.8
Spellcasting   | 3 4 |  4.4
Hexes          | 1 2 |  2.8
Armour         | |  0.6

Action                   |  1- 3 |  4- 6 |  7- 9 || total
-------------------------+-------+-------+-------++-------
Melee: Spear             |   156 |   304 |   123 ||   583
       Tailslap          |       |     9 |     3 ||    12
       Unarmed           |       |     1 |       ||     1
       Halberd           |       |       |   117 ||   117
 Cast: Shroud of Golubri |       |     7 |    10 ||    17
       Infusion          |       |     6 |     8 ||    14
       Regeneration      |       |     1 |     4 ||     5
       Song of Slaying   |       |     1 |     3 ||     4
       Spectral Weapon   |       |       |    16 ||    16
  Use: Potion            |       |     2 |     3 ||     5
       Scroll            |       |     7 |     1 ||     8
 Stab: Sleeping          |     1 |     2 |     2 ||     5
  Eat: Chunk             |     2 |    12 |    11 ||    25
Armor: Leather armour    |    30 |    38 |    50 ||   118
       Skin              |       |    11 |    80 ||    91
Dodge: Dodged            |    77 |   152 |   203 ||   432
